 Dungeon Crawl Stone Soup version 0.28.0-45-g0d030f2227 (webtiles) character file.

Game seed: 18012577146728568485

20748 CryoSword the Geomancer (level 12, -2/74 HPs)
             Began as a Gargoyle Earth Elementalist on Apr 14, 2022.
             Was an Elder of the Shining One.
             Slain by a komodo dragon (21 damage)
             ... on level 2 of the Lair of Beasts.
             The game lasted 00:33:25 (20708 turns).

CryoSword the Geomancer (GrEE)                     Turns: 20708, Time: 00:33:25

Health: -2/74      AC: 24    Str: 12    XL:     12   Next: 82%
Magic:  3/19       EV: 13    Int: 19    God:    the Shining One [****..]
Gold:   720        SH: 10    Dex: 12    Spells: 11/21 levels left

rFire   + . .      SeeInvis .   w - +2 mace (vorpal)
rCold   . . .      Faith    .   C - +0 kite shield
rNeg    + + +      Spirit   .   O - +3 ring mail {rF+}
rPois   ∞          Reflect  .   G - +2 helmet
rElec   +          Harm     .   q - +0 cloak
rCorr   .          Rampage  .   (no gloves)
Will    .....                   (no boots)
Stlth   +.........              (no amulet)
HPRegen 0.22/turn               x - +4 ring of protection
MPRegen 0.16/turn               v - +4 ring of evasion

@: glowing
A: sickness immunity, AC +8, negative energy resistance 1, electricity
resistance, torment resistance 1, petrification resistance
a: Renounce Religion, Divine Shield, Cleansing Flame


You were on level 2 of the Lair of Beasts.
You worshipped the Shining One.
The Shining One was greatly pleased with you.
You visited 3 branches of the dungeon, and saw 15 of its levels.
You also visited: Volcano.

You collected 720 gold pieces.

Inventory:

Hand Weapons
 s - a +2 dagger of venom
   (You took it off an orc wizard on level 7 of the Dungeon)
 w - a +2 vorpal mace (weapon)
   (You found it on level 6 of the Dungeon)
Missiles
 h - 18 poisoned darts
 k - 17 boomerangs
 l - 6 atropa-tipped darts
 n - 169 stones
 B - a throwing net
Armour
 q - a +0 cloak (worn)
   (You found it on level 4 of the Dungeon)
 C - a +0 kite shield (worn)
   (You took it off a gnoll sergeant on level 8 of the Dungeon)
 G - a +2 helmet (worn)
   (You found it on level 9 of the Dungeon)
 H - +0 steam dragon scales
   (You found it in a volcano)
 O - a +3 ring mail of fire resistance (worn)
   (You found it in a volcano)
Jewellery
 v - a +4 ring of evasion (right hand)
   (You found it on level 6 of the Dungeon)
 x - a +4 ring of protection (left hand)
   (You found it on level 7 of the Dungeon)
Wands
 b - a wand of flame (44)
   (You found it on level 7 of the Dungeon)
 E - a wand of iceblast (5) (quivered)
   (You found it on level 8 of the Dungeon)
Scrolls
 c - a scroll of identify {@r1}
 d - 6 scrolls of magic mapping
 j - 2 scrolls of immolation {unknown}
 t - 2 scrolls of teleportation {unknown}
 u - a scroll of enchant weapon
 y - a scroll of fear {unknown}
 z - a scroll of fog
 A - a scroll of holy word {unknown}
 D - a scroll of silence {unknown}
 F - a scroll of acquirement {unknown}
 J - a scroll of blinking {unknown}
Potions
 a - a potion of resistance {unknown}
 e - a potion of lignification {unknown}
 f - 4 potions of mutation {!q}
 g - a potion of magic
 i - a potion of heal wounds {@q2}
 m - 2 potions of flight
 o - 2 potions of ambrosia
 p - a potion of degeneration {unknown}
 r - a potion of curing {@q1}
 I - a potion of invisibility {unknown}
 N - a potion of might {unknown}


   Skills:
 + Level 8.2 Fighting
 - Level 2.5 Short Blades
 + Level 6.1 Maces & Flails
 - Level 3.2 Dodging
 - Level 2.8 Stealth
 + Level 7.9 Shields
 - Level 5.0 Spellcasting
 + Level 11.0 Conjurations
 - Level 2.0 Transmutations
 + Level 13.2 Earth Magic
 + Level 5.2 Invocations


You had 11 spell levels left.
You knew the following spells:

 Your Spells              Type           Power      Damage    Failure   Level
a - Sandblast             Erth           100%       2d20      1%          1
b - Stone Arrow           Conj/Erth      100%       3d13      1%          3
c - Petrify               Tmut/Erth      33%        N/A       30%         4
P - Passwall              Tmut/Erth      27%        N/A       4%          2

Your spell library contained the following spells:

 Spells                   Type           Power      Damage    Failure   Level
 Sting                    Tmut/Pois      32%        1d4       43%         1
 Animate Armour           Summ/Erth      58%        N/A       43%         4
 Leda's Liquefaction      Hex/Erth       14%        N/A       43%         4
 Animate Skeleton         Necr           8%         N/A       56%         1
 Pain                     Necr           16%        1d4       56%         1
 Corpse Rot               Necr/Air       8%         N/A       71%         2
 Poisonous Vapours        Pois/Air       8%         N/A       71%         2
 Call Canine Familiar     Summ           4%         N/A       91%         3
 Gell's Gravitas          Tloc           4%         N/A       91%         3
 Portal Projectile        Hex/Tloc       8%         N/A       91%         3
 Teleport Other           Tloc           4%         N/A       91%         3
 Vampiric Draining        Necr           4%         2d6       91%         3
 Olgreb's Toxic Radiance  Pois           4%         N/A       100%        4
 Dispersal                Tloc           2%         N/A       100%        6
 Lehudib's Crystal Spear  Conj/Erth      25%        10d7      100%        8


Dungeon Overview and Level Annotations

Branches:
Dungeon (11/15)            Temple (1/1) D:4            Lair (3/6) D:8
 Shoals (0/4) Lair:3      Volcano (visited)
  Snake: Lair:2-4    Spider: Lair:2-4       Orc: D:9-12

Altars:
Dithmenos
Elyvilon
Fedhas
Hepliaklqana
Kikubaaqudgha
Nemelex Xobeh
Qazlal
Ru
Wu Jian
Yredelemnul
The Shining One

Shops:
D:6 (


Innate Abilities, Weirdness & Mutations

You are immune to sickness and miasma.
Your stone body is resilient. (AC +8)
You are immune to poison.
You resist negative energy. (rN+)
You are resistant to electric shocks. (rElec)
You are resistant to unholy torment.
You are immune to petrification.


Message History

n - 175 stones You block the blink frog's attack.
Aim: a blink frog (severely wounded, haloed, 78% to hit)
The blast of sand misses the blink frog.
n - 174 stones The blink frog barely misses you. x2
Aim: a blink frog (severely wounded, haloed, 78% to hit)
The blast of sand misses the blink frog.
n - 173 stones The blink frog misses you.
You hit the blink frog.
The blink frog blinks!
You block the blink frog's attack.
You hit the blink frog.
You kill the blink frog!
You see here a blink frog corpse.
You see here a blink frog corpse.
There is a stone staircase leading down here.
There is a stone staircase leading down here.
You climb downwards.
You feel a wave of frost pass over you.
There is an entrance to an ice cave on this level.
Hurry and find it before the portal melts!
You hear the faint crackling of a melting archway nearby.
There is a stone staircase leading up here.
A boulder beetle comes into view.
The boulder beetle leaps!
Aim: a boulder beetle (haloed, 100% to hit)
The stone arrow hits the boulder beetle!
Aim: a boulder beetle (moderately wounded, haloed, 100% to hit)
The stone arrow hits the boulder beetle!!
Aim: a boulder beetle (heavily wounded, haloed, 100% to hit)
The stone arrow hits the boulder beetle!!
The boulder beetle leaps!
Aim: a boulder beetle (severely wounded, haloed, 100% to hit)
The stone arrow hits the boulder beetle!
The boulder beetle leaps!
The boulder beetle curls into a ball and begins rolling!
Aim: a boulder beetle (almost dead, rolling, haloed, 100% to hit)
The stone arrow hits the boulder beetle!!
You kill the boulder beetle!
Your Invocations skill increases to level 5!
Found an escape hatch in the ceiling.
You hit the plant.
The plant begins to die.
A nearby plant withers and dies.
You hear the faint crackling of a melting archway very nearby.
Found a stone staircase leading down.
An eight-headed hydra comes into view.
Found a staircase to the Shoals.
The eight-headed hydra roars!
A manticore and a wind drake come into view.
Found a mace.
The wind drake hisses angrily.
A komodo dragon comes into view.
The komodo dragon hisses angrily.
A cane toad comes into view.
The cane toad gives a loud, deep croak!
Aim: an eight-headed hydra (haloed, 94% to hit)
The stone arrow hits the eight-headed hydra!!
You block the eight-headed hydra's attack.
The eight-headed hydra bites you. x2; The eight-headed hydra misses you.
You block the eight-headed hydra's attack.
The eight-headed hydra misses you.
The eight-headed hydra bites you but does no damage.
The eight-headed hydra closely misses you.
Aim: an eight-headed hydra (moderately wounded, haloed, 95% to hit)
The blast of sand hits the eight-headed hydra!!
n - 172 stones The eight-headed hydra bites you but does no damage.
The eight-headed hydra barely misses you.
The eight-headed hydra bites you but does no damage. x2
You block the eight-headed hydra's attack.
The eight-headed hydra bites you but does no damage. x3
Aim: an eight-headed hydra (heavily wounded, haloed, 95% to hit)
The blast of sand hits the eight-headed hydra!
n - 171 stones The wind drake flaps its wings at you.
The air twists around and strikes you!
The eight-headed hydra bites you but does no damage. x3
The eight-headed hydra completely misses you.
The eight-headed hydra closely misses you.
The eight-headed hydra bites you!
The eight-headed hydra barely misses you.
You block the eight-headed hydra's attack.
Aim: an eight-headed hydra (severely wounded, haloed, 95% to hit)
The blast of sand hits the eight-headed hydra!
n - 170 stones The eight-headed hydra bites you but does no damage.
The eight-headed hydra barely misses you.
You block the eight-headed hydra's attack.
The eight-headed hydra bites you. x2
The eight-headed hydra bites you but does no damage.
You block the eight-headed hydra's attack.
The eight-headed hydra bites you but does no damage.
Aim: an eight-headed hydra (almost dead, haloed, 95% to hit)
The blast of sand hits the eight-headed hydra!!
You kill the eight-headed hydra!
n - 169 stones You block the cane toad's attack.
The cane toad stings you but does no damage.
The wind drake flaps its wings at you. The air twists around and strikes you.
Your Maces & Flails skill increases to level 6!
Aim: a cane toad (haloed, 86% to hit)
The stone arrow hits the cane toad!!
The cane toad stings you. The wind drake flaps its wings at you.
The air twists around and strikes you!
* * * LOW HITPOINT WARNING * * *
The cane toad stings you but does no damage.
The wind drake misses you. The wind drake flaps its wings at you.
The air twists around and strikes you.
* * * LOW HITPOINT WARNING * * *
The cane toad stings you but does no damage.
The komodo dragon bites you but does no damage.
The manticore flicks its tail.
You block the volley of spikes. The cane toad misses you.
The wind drake flaps its wings at you. The air twists around and strikes you.
* * * LOW HITPOINT WARNING * * *
You block the cane toad's attack. The wind drake flaps its wings at you.
The air twists around and strikes you!
* * * LOW HITPOINT WARNING * * *
The cane toad closely misses you.
There is a stone staircase leading up here.
You block the komodo dragon's attack.
The cane toad stings you but does no damage.
You climb upwards.
There is a stone staircase leading down here.
Aim: a cane toad (severely wounded, haloed, 86% to hit)
The stone arrow hits the cane toad!!
You kill the cane toad!
The komodo dragon bites you.
* * * LOW HITPOINT WARNING * * *
Your Conjurations skill increases to level 11!
Aim: a komodo dragon (haloed, 88% to hit)
The stone arrow hits the komodo dragon!!
The komodo dragon closely misses you.
You don't have enough magic to cast this spell.
You see here a cane toad corpse.
The komodo dragon hisses menacingly.
Aim: a komodo dragon (moderately wounded, haloed, 88% to hit)
The stone arrow hits the komodo dragon but does no damage.
You block the komodo dragon's attack.
You don't have enough magic to cast this spell.
You barely miss the komodo dragon.
The komodo dragon bites you but does no damage. x2
You hit the komodo dragon. The komodo dragon closely misses you.
You hit the komodo dragon. You block the komodo dragon's attack.
You hit the komodo dragon. The komodo dragon bites you!!
You die...

##.###........###..###..#†......#
#...##..................>.......#
....................#.#.##.P....#
...................#.......#...##
.###.......................#...##
## #.P#########.................#
# #..# #........P.P.#....# #
#..## #.l..............##
####...# #.@.....#.#.####..#
#.P..P## ### ##......###### #.##
.....#####.###.......# #.#
......#.##.##P.......# ####.##
.....................######.#....
........###P....##.............##
.........#########P............#
........## #.....P..##...##
........# ##...#....#...P#


You could see a komodo dragon.

Vanquished Creatures
  A fire dragon (Volcano)
  3 hydras
  A boulder beetle (Lair:3)
  2 two-headed ogres (Volcano)
  3 salamanders (Volcano)
  2 black mambas (Lair:2)
  A gargoyle (D:10)
  5 cane toads
  8 komodo dragons
  A troll (D:10)
  3 blink frogs (Lair:2)
  3 shadows
  A vampire (D:10)
  6 wyverns
  Eustachio (D:4)
  9 yaks
  3 basilisks
  6 fire bats (Volcano)
  3 steam dragons
  4 water moccasins
  Duvessa (D:4)
  3 black bears
  An orc warrior (D:9)
  A sky beast (D:6)
  A necrophage (D:4)
  3 centaurs
  12 wolves
  3 ogres
  3 phantoms
  A kobold brigand (D:7)
  10 bullfrogs
  2 wyvern zombies
  5 scorpions
  A gnoll sergeant (D:8)
  A wyvern skeleton (D:7)
  Dowan (D:4)
  14 killer bees
  5 wights (D:9)
  2 howler monkeys
  Crazy Yiuf (D:6)
  A bullfrog zombie (D:6)
  A gnoll shaman (D:9)
  4 centaur zombies
  3 orc priests
  A hound (D:3)
  2 jellies
  3 iguanas
  7 orc wizards
  Robin (D:4)
  4 howler monkey zombies
  19 gnolls
  3 adders
  A white imp (D:7)
  2 ufetubi (D:5)
  2 worms
  4 dart slugs
  33 orcs
  6 ball pythons
  A bat (D:1)
  6 endoplasms
  2 giant cockroaches
  12 goblins
  6 hobgoblins
  3 jackals (D:3)
  2 quokkas
  2 frilled lizards (D:1)
  13 kobolds
  7 rats
288 creatures vanquished.

Vanquished Creatures (others)
  11 fungi
  83 plants
94 creatures vanquished.

Grand Total: 382 creatures vanquished

Notes
Turn   | Place    | Note
-------+----------+-------------------------------------------
     0 | D:1      | CryoSword the Gargoyle Earth Elementalist began the quest
                  | for the Orb.
     0 | D:1      | Reached XP level 1. HP: 10/10 MP: 3/3
   190 | D:1      | Reached skill level 1 in Transmutations
   233 | D:1      | Reached XP level 2. HP: 13/16 MP: 5/5
   438 | D:1      | Reached skill level 4 in Earth Magic
  1122 | D:1      | Reached XP level 3. HP: 20/20 MP: 6/6
  1126 | D:1      | Learned a level 3 spell: Stone Arrow
  1129 | D:1      | Learned a level 2 spell: Passwall
  1358 | D:2      | Reached skill level 1 in Fighting
  1504 | D:2      | Found a faded altar of an unknown god.
  1557 | D:2      | Reached skill level 1 in Conjurations
  1559 | D:2      | Reached XP level 4. HP: 15/25 MP: 1/7
  2283 | D:3      | Reached XP level 5. HP: 29/29 MP: 5/8
  2927 | D:3      | Reached skill level 5 in Earth Magic
  3525 | D:3      | Found a stormy altar of Qazlal.
  3525 | D:3      | Found a hazy altar of Hepliaklqana.
  3698 | D:4      | Noticed a necrophage
  3701 | D:4      | Reached XP level 6. HP: 35/35 MP: 7/9
  3938 | D:4      | Noticed Robin
  4003 | D:4      | Killed Robin
  4157 | D:4      | Noticed Duvessa
  4274 | D:4      | Killed a necrophage
  4275 | D:4      | Reached skill level 1 in Short Blades
  4366 | D:4      | Noticed Eustachio
  4865 | D:4      | Killed Eustachio
  4866 | D:4      | Reached skill level 6 in Earth Magic
  4866 | D:4      | Reached XP level 7. HP: 40/40 MP: 1/11
  4991 | D:4      | Found a staircase to the Ecumenical Temple.
  4997 | Temple   | Entered the Ecumenical Temple
  5136 | Temple   | Became a worshipper of the Shining One
  5506 | D:4      | Noticed Dowan
  5810 | D:4      | Killed Duvessa
  5917 | D:4      | Killed Dowan
  6230 | D:4      | Reached XP level 8. HP: 27/45 MP: 3/12
  6379 | D:4      | Learned a level 4 spell: Petrify
  6483 | D:5      | Entered Level 5 of the Dungeon
  6495 | D:5      | Reached skill level 7 in Earth Magic
  8001 | D:6      | Reached * piety under the Shining One
  8104 | D:6      | Reached skill level 5 in Conjurations
  8104 | D:6      | Reached skill level 8 in Earth Magic
  8159 | D:6      | Reached XP level 9. HP: 17/52 MP: 13/13
  8395 | D:6      | Found a runed translucent door.
  8396 | D:6      | Noticed Crazy Yiuf
  8499 | D:6      | Found Pity's Weapon Emporium.
  8650 | D:6      | Killed Crazy Yiuf
  9019 | D:7      | Reached skill level 9 in Earth Magic
  9040 | D:7      | Reached skill level 1 in Maces & Flails
  9991 | D:8      | Reached skill level 5 in Fighting
 10301 | D:8      | Found a staircase to the Lair.
 10592 | D:8      | Reached skill level 1 in Shields
 10729 | D:8      | Reached ** piety under the Shining One
 11013 | D:8      | Reached skill level 10 in Earth Magic
 11024 | D:8      | Reached XP level 10. HP: 53/59 MP: 14/14
 13980 | D:10     | Entered Level 10 of the Dungeon
 14144 | D:10     | Noticed a gargoyle
 14421 | D:10     | Reached *** piety under the Shining One
 15090 | D:10     | Killed a gargoyle
 15091 | D:10     | Reached skill level 11 in Earth Magic
 15566 | D:11     | Noticed a skeletal warrior
 15566 | D:11     | Noticed a skeletal warrior
 15884 | Lair:1   | Entered Level 1 of the Lair of Beasts
 15884 | Lair:1   | Noticed a cane toad
 15890 | Lair:1   | Killed a cane toad
 15995 | Lair:1   | Noticed a four-headed hydra
 16002 | Lair:1   | Killed a four-headed hydra
 16003 | Lair:1   | Reached skill level 5 in Shields
 16003 | Lair:1   | Reached skill level 1 in Invocations
 16150 | Lair:1   | Reached XP level 11. HP: 66/66 MP: 12/16
 16685 | Lair:1   | Noticed a six-headed hydra
 16690 | Lair:1   | Killed a six-headed hydra
 17468 | Lair:2   | Identified the +3 hand axe of Fixation {pain, rF- rN+
                  | Str+7}
 17521 | Lair:2   | Found a dark tunnel.
 17531 | Volcano  | Entered a volcano
 17710 | Volcano  | Noticed a salamander
 17744 | Volcano  | Reached skill level 12 in Earth Magic
 17751 | Volcano  | Killed a salamander
 18097 | Volcano  | Noticed a salamander
 18103 | Volcano  | Killed a salamander
 18104 | Volcano  | Reached skill level 10 in Conjurations
 18138 | Volcano  | Noticed a salamander
 18161 | Volcano  | Killed a salamander
 18520 | Volcano  | Reached skill level 5 in Maces & Flails
 18520 | Volcano  | Reached XP level 12. HP: 67/72 MP: 7/18
 18663 | Volcano  | Noticed a two-headed ogre
 18688 | Volcano  | Killed a two-headed ogre
 18784 | Volcano  | Noticed a two-headed ogre
 18797 | Volcano  | Killed a two-headed ogre
 18851 | Volcano  | Noticed a fire dragon
 18873 | Volcano  | Killed a fire dragon
 19357 | Lair:2   | Reached skill level 5 in Spellcasting
 19471 | Lair:2   | Reached **** piety under the Shining One
 19671 | Lair:2   | Reached skill level 13 in Earth Magic
 20591 | Lair:3   | Noticed a boulder beetle
 20609 | Lair:3   | Killed a boulder beetle
 20610 | Lair:3   | Reached skill level 5 in Invocations
 20642 | Lair:3   | Found a staircase to the Shoals.
 20642 | Lair:3   | Noticed an eight-headed hydra
 20654 | Lair:3   | Killed an eight-headed hydra
 20708 | Lair:2   | Slain by a komodo dragon

Illustrated notes

Levels and vault maps discovered:
D:1:      dpeg_arrival_radiant, layout_basic
D:2:      layout_rooms, ebering_ecumenical_altar_sacrificial
D:3:      layout_loops_corners, gammafunk_temple_overflow_elements
D:4:      layout_basic, minmay_temple_entry_purple_smoke, uniq_duvessa,
          uniq_robin, uniq_eustachio
D:5:      layout_loops_corners, minmay_crossroads
D:6:      layout_rooms, serial_shops, kennysheep_mini_moat,
          uniq_crazy_yiuf_cottage
D:7:      layout_loops_ring
D:8:      nicolae_cairo_tiling_very_big, layout_basic, lair_entry_dummy,
          serial_curves, eino_curves_03, eino_curves_04, eino_curves_02,
          eino_curves_04
D:9:      layout_grid_maze
D:10:     layout_loops_corners
D:11:     layout_grid_maze, minmay_pinched_square
Temple:   mainiacjoe_temple_big_plus
Lair:1:   layout_small_grid
Lair:2:   layout_chaotic_city, nicolae_volcano_entry_lava_flow
Lair:3:   layout_regular_city, minmay_shoals_entry_beasts,
          portal_ice_cave_entry_pillars_2

Skill      XL: |  1  2  3  4  5  6  7  8  9 10 11 12 |
---------------+-------------------------------------+-----
Transmutations | 1 2 |  2.0
Earth Magic    | 4 5 6 8 10 11 12 13 | 13.2
Fighting       | 1 2 4 5 6 7 8 |  8.2
Dodging        | 2 3 |  3.2
Conjurations   | 1 2 3 5 7 8 10 11 | 11.0
Spellcasting   | 3 4 5 |  5.0
Short Blades   | 1 2 |  2.5
Maces & Flails | 2 3 5 6 |  6.1
Shields        | 2 5 6 7 |  7.9
Invocations    | 1 3 5 |  5.2
Stealth        | |  2.8

Action                   |  1- 3 |  4- 6 |  7- 9 | 10-12 || total
-------------------------+-------+-------+-------+-------++-------
Melee: Dagger            |    10 |       |    43 |    67 ||   120
       Short sword       |    30 |   133 |   213 |       ||   376
       Punch             |       |     2 |     5 |       ||     7
       Mace              |       |       |    53 |   193 ||   246
Throw: Dart              |       |       |     3 |       ||     3
 Cast: Sandblast         |    31 |    56 |    13 |    70 ||   170
       Stone Arrow       |       |    13 |    51 |   163 ||   227
Evoke: Wand              |       |       |       |     4 ||     4
  Use: Scroll            |       |       |     6 |     5 ||    11
       Potion            |       |       |       |     4 ||     4
 Stab: Sleeping          |     1 |       |       |       ||     1
Armor: Robe              |    13 |    46 |   146 |    28 ||   233
       Ring mail         |       |       |       |   182 ||   182
Dodge: Dodged            |    31 |   100 |   279 |   358 ||   768
Block: Kite shield       |       |       |    16 |   252 ||   268
